 Seeded DCSS version 0.30-a0-883-g5ad918d77d (webtiles) character file.

Game seed: 13555036537017109050 (custom seed)

34055 Juicyj the Spear-Bearer (level 13, 0/118 HPs)
             Began as a Minotaur Gladiator on Mar 16, 2023.
             Was an Initiate of Jiyva.
             Slain by an eidolon (12 damage)
             ... created by the anger of Yredelemnul
             ... on level 5 of the Lair of Beasts on Mar 17, 2023.
             The game lasted 00:52:30 (20276 turns).

Juicyj the Spear-Bearer (Minotaur Gladiator)       Turns: 20276, Time: 00:52:31

Health: 0/118      AC:  9    Str: 29    XL:     13   Next: 40%
Magic:  12/12      EV: 16    Int:  5    God:    Jiyva [......]
Gold:   934        SH:  5    Dex: 19    Spells: 12/12 levels left

rFire   x . .      SeeInvis +    o - +10 glaive "Iraciar" {freeze, rF- Dex+6}
rCold   + . .      Faith    .    (shield currently unavailable)
rNeg    . . .      Spirit   .    E - +1 chain mail {rC+}
rPois   .          Reflect  +    c - +0 hat
rElec   .          Rampage  .    (no cloak)
rCorr   +                        (no gloves)
Will    .....                    (no boots) Stlth
                                 I - amulet of reflection
HPRegen 0.39/turn                f - ring of the Barnacled God {Str+6 SInv Stlth+}
MPRegen 0.13/turn                P - ring of resist corrosion

@: mighty, flayed, slowed, very slow
A: horns 2, retaliatory headbutt
a: Renounce Religion


You were on level 5 of the Lair of Beasts.
You worshipped Jiyva.
Jiyva was noncommittal.
You visited 3 branches of the dungeon, and saw 19 of its levels.
You also visited: Sewer.

You collected 934 gold pieces.

Inventory:

Hand Weapons
 a - a +5 war axe of electrocution
 o - the +10 glaive "Iraciar" (weapon) {freeze, rF- Dex+6}
   (You acquired it on level 2 of the Dungeon)

   Dex:       It affects your dexterity (+6).
   rF:        It makes you vulnerable to fire.
Missiles
 d - 2 throwing nets (quivered)
 e - 10 javelins
Armour
 b - a +0 leather armour
 c - a +0 hat (worn)
 u - the +2 buckler of Noon {Rampage rElec rPois Dex-3}
   (You acquired it on level 2 of the Dungeon)

   Dex:       It affects your dexterity (-3).
   rElec:     It insulates you from electricity.
   rPois:     It protects you from poison.
   Rampage:   It bestows one free step when moving towards enemies.
 E - a +1 chain mail of cold resistance (worn)
 M - a +2 ring mail of poison resistance
 O - a +2 scale mail of willpower
Jewellery
 f - the ring of the Barnacled God (left hand) {Str+6 SInv Stlth+}
   (You acquired it on level 1 of the Dungeon)

   [ring of strength]

   Str:       It affects your strength (+6).
   SInv:      It lets you see invisible.
   Stlth:     It makes you more stealthy.
 i - an amulet of the acrobat
 n - a ring of magical power
 v - a ring of see invisible
 w - a ring of magical power
 B - an amulet of magic regeneration
 I - an amulet of reflection (around neck)
 J - an amulet of faith
 N - a +5 ring of evasion
 P - a ring of resist corrosion (right hand)
 Q - a ring of willpower
Wands
 h - a wand of roots (8)
 s - a wand of flame (9)
 A - a wand of paralysis (3)
 C - a wand of mindburst (14)
Scrolls
 j - 3 scrolls of teleportation
 r - 3 scrolls of poison
 x - 2 scrolls of fog
 y - 3 scrolls of magic mapping
 D - 3 scrolls of amnesia
 K - 3 scrolls of identify
 L - a scroll of fear
Potions
 g - 7 potions of curing
 k - 5 potions of haste
 l - 2 potions of heal wounds
 m - a potion of brilliance
 p - a potion of attraction
 q - 4 potions of might
 t - 3 potions of mutation
 z - 3 potions of magic
 F - 3 potions of flight
 G - a potion of invisibility
 H - a potion of cancellation
Miscellaneous
 R - a condenser vane (inert)


   Skills:
 - Level 12.2 Fighting
 - Level 4.3(10.2) Axes
 - Level 14.2(14.5) Polearms
 - Level 10.4 Throwing
 - Level 13.7 Dodging
 * Level 6.1 Evocations


You had 12 spell levels left.
You didn't know any spells.
Your spell library contained the following spells:

 Spells                   Type           Power      Damage    Failure   Level
 Apportation              Tloc           0%         N/A       97%         1
 Kiss of Death            Conj/Necr      0%         2d5       97%         1
 Necrotise                Necr           0%         1d4       97%         1
 Summon Small Mammal      Summ           0%         N/A       97%         1
 Call Canine Familiar     Summ           0%         N/A       100%        3
 Confusing Touch          Hex            0%         N/A       100%        3
 Kindle Blastsparks       Fire/Tloc/Air  0%         2d10      100%        3
 Portal Projectile        Hex/Tloc       0%         N/A       100%        3
 Vampiric Draining        Necr           0%         2d6       100%        3
 Anguish                  Hex/Necr       0%         N/A       100%        4
 Dispel Undead            Necr           0%         3d6       100%        4
 Fulminant Prism          Conj/Hex       0%         3d5       100%        4
 Iskenderun's Mystic Bla  Conj/Tloc      0%         2d3       100%        4
 Leda's Liquefaction      Hex/Erth       0%         N/A       100%        4
 Agony                    Necr           0%         N/A       100%        5
 Alistair's Intoxication  Tmut/Pois      0%         N/A       100%        5
 Borgnjor's Vile Clutch   Necr/Erth      0%         N/A       100%        5
 Lee's Rapid Deconstruct  Erth           0%         3d4*      100%        5
 Eringya's Noxious Bog    Tmut/Pois      0%         N/A       100%        6
 Enfeeble                 Hex            0%         N/A       100%        7


Dungeon Overview and Level Annotations

Branches:
Dungeon (9/15)             Temple (0/1) D:4            Lair (5/5) D:9
 Shoals (0/4) Lair:3        Snake (0/4) Lair:3        Slime (5/5) Lair:4
  Sewer (visited)
    Orc: D:9-12

Altars:
Cheibriados
Fedhas
Gozag
Kikubaaqudgha
Yredelemnul
Zin
Jiyva
Lugonu

Portals:
Abyss: Slime:3

Annotations:
Slime:5 Royal Jelly


Innate Abilities, Weirdness & Mutations

You have a pair of horns on your head.
You reflexively headbutt those who attack you in melee.


Message History

You start resting.
You carefully extract the barbed spikes from your body.
You start resting.
You hear a distant slurping noise. x2
Yredelemnul sends servants to punish you.
The divine experience drains your vigour!
You feel yourself slow down.
A flayed ghost and an eidolon come into view.
There are monsters nearby!
You feel very mighty all of a sudden.
You hear a distant slurping noise.
You feel much better.
You hear a distant slurping noise.
The flayed ghost cries, "Suffer as I suffered!"
Terrible wounds open up all over your body!
The eidolon attacks as you move away! The eidolon hits you!
The eidolon drains your vigour!
You feel as though you will be slow longer.
You block the eidolon's attack.
You hear a distant slurping noise.
The flayed ghost cries, "Feel what I felt!"
Terrible wounds spread across more of your body!
The eidolon hits you but does no damage. x2
The flayed ghost cries, "Feel what I felt!"
Terrible wounds spread across more of your body!
You miss the flayed ghost. The eidolon hits you.
* * * LOW HITPOINT WARNING * * *
The eidolon drains your vigour!
You feel as though you will be slow longer.
You block the eidolon's attack. The flayed ghost hits you!!
* * * LOW HITPOINT WARNING * * *
You can't see any enemies this would affect, really read the scroll of fear?
Okay, then.
Clouds of flame condense around you!
The condenser dries out!
The bush is engulfed in blazing flames.
The plant is engulfed in blazing flames.
The plant begins to die.
The eidolon is engulfed in blazing flames.
The eidolon barely misses you. The eidolon hits you!
You die...

~≈..≈.≈..#.#.......... ..
~≈≈≈~................
.... #≈~.................
....###....#.............
...#.#.......##PP........
......PP...###...........
...........####.........
......§§§§§............
......§W@W§......(....
#.#...P§P§#.##....#P#
###.#.#.### P# ####### #


You could see an eidolon and a flayed ghost.

Vanquished Creatures
  A hydra (Lair:4)
  Urug (Lair:3)
  A skyshark (Lair:3)
  A skeletal warrior (Lair:4)
  A sea snake (Lair:5)
  A harpy (Lair:3)
  Pikel (D:9)
  A manticore (Lair:5)
  3 oklob plants (Lair:4)
  Joseph (D:7)
  2 elephants (Lair:4)
  2 black mambas
  Maurice (D:9)
  2 torpor snails
  2 cane toads
  An unseen horror (D:7)
  A rime drake (Lair:5)
  8 komodo dragons
  A polar bear (Lair:2)
  4 spectral dream sheep
  17 blink frogs
  Prince Ribbit (D:9)
  13 dream sheep
  A snapping turtle (Lair:5)
  A vampire (D:9)
  5 wraiths (Lair:4)
  23 yaks
  A wyvern (Lair:5)
  2 basilisks
  A human (D:5)
  2 steam dragons (Lair:5)
  Menkaure (D:7)
  8 water moccasins
  2 cane toad zombies
  2 nagas (Lair:3)
  2 ice beasts (D:7)
  A sky beast (D:7)
  3 orc warriors
  A black bear (Lair:1)
  3 ogres
  3 wolves (Lair:5)
  A kobold brigand (Sewer)
  10 bullfrogs
  A gnoll sergeant (D:9)
  2 scorpions
  4 wights (D:9)
  A vampire bat (D:5)
  2 howler monkeys (D:7)
  A bullfrog zombie (Lair:4)
  5 hounds
  2 jellies (D:7)
  2 gnoll boudas
  5 orc priests
  An iguana (D:7)
  4 hell rats (Lair:3)
  Natasha (thrice) (D:2)
  15 orc wizards
  2 sleepcaps
  A human skeleton (D:5)
  18 gnolls
  7 adders
  A river rat (Sewer)
  A white imp (D:6)
  5 ufetubi
  6 worms
  5 dart slugs
  3 fire bats (D:5)
  26 orcs
  2 spectral bats (D:5)
  10 ball pythons
  3 bat skeletons (D:5)
  A bat zombie (D:5)
  8 endoplasms
  5 giant cockroaches
  4 goblins
  6 hobgoblins
  2 jackals (D:5)
  6 quokkas
  16 bats
  A bat simulacrum (D:5)
  5 frilled lizards
  10 kobolds
  A kobold zombie (D:5)
  9 rats
352 creatures vanquished.

Vanquished Creatures (collateral kills)
  Snorg (Lair:3)
  Josephine (Lair:4)
  A hydra (Lair:4)
  A two-headed ogre (D:7)
  A death yak (Lair:4)
  The ghost of holysushi the Skirmisher, a novice OpMo of Gozag (D:7)
  An oklob plant (Lair:4)
  2 elephants (Lair:4)
  2 torpor snails
  A rime drake (Lair:3)
  A komodo dragon (Lair:4)
  2 dream sheep (Lair:2)
  6 blink frogs
  3 yaks
  An acid dragon (D:9)
  A naga (Lair:3)
  A bullfrog (Lair:4)
  A scorpion (D:7)
  2 orc priests (D:9)
  A hound (D:7)
  An orc (D:9)
  A bush (Lair:4)
33 creatures vanquished.

Vanquished Creatures (others)
  An unseen horror zombie (D:7)
  A yak (Lair:5)
  An elephant zombie (Lair:4)
  A wolf (Lair:5)
  A rime drake zombie (Lair:3)
  3 water moccasin zombies
  3 yak zombies
  2 bullfrog zombies
  29 jellies
  A kobold zombie (D:9)
  A basilisk zombie (Lair:1)
  An ice beast zombie (D:7)
  2 hound zombies (D:7)
  A howler monkey zombie (D:7)
  A jelly zombie (D:7)
  2 gnoll zombies (D:9)
  8 orc zombies
  A spectral ufetubus (D:6)
  46 fungi
  2 lurking horrors (Slime:3)
  127 plants
235 creatures vanquished.

Grand Total: 620 creatures vanquished

Notes
Turn   | Place    | Note
-------+----------+-------------------------------------------
     0 | D:1      | Juicyj the Minotaur Gladiator began the quest for the Orb.
     0 | D:1      | Reached XP level 1. HP: 18/18 MP: 0/0
   159 | D:1      | Identified a scroll of acquirement
   159 | D:1      | Acquired the ring of the Barnacled God {Str+6 SInv Stlth+}
   346 | D:1      | Reached XP level 2. HP: 21/25 MP: 1/1
   781 | D:1      | Reached XP level 3. HP: 31/31 MP: 2/2
   914 | D:2      | Reached XP level 4. HP: 38/38 MP: 3/3
   925 | D:2      | Acquired the +10 glaive "Iraciar" {freeze, rF- Dex+6}
   936 | D:2      | Noticed Natasha
   943 | D:2      | Killed Natasha
   944 | D:2      | Reached skill level 1 in Polearms
  1149 | D:2      | Noticed Natasha
  1156 | D:2      | Killed Natasha
  1223 | D:2      | Noticed Natasha
  1225 | D:2      | Reached XP level 5. HP: 46/46 MP: 4/4
  1229 | D:2      | Killed Natasha
  1230 | D:2      | Reached skill level 2 in Polearms
  1471 | D:2      | Acquired the +2 buckler of Noon {Rampage rElec rPois Dex-3}
  2573 | D:4      | Noticed an ogre
  2578 | D:4      | Killed an ogre
  2579 | D:4      | Reached skill level 3 in Polearms
  2579 | D:4      | Reached XP level 6. HP: 52/52 MP: 5/5
  2618 | D:4      | Identified the +1 buckler of the Ten Interlopers {rF+
                  | Str+2}
  2630 | D:4      | Found a staircase to the Ecumenical Temple.
  3224 | D:5      | Entered Level 5 of the Dungeon
  3239 | D:5      | Reached skill level 4 in Polearms
  3418 | D:5      | Reached XP level 7. HP: 60/60 MP: 6/6
  3444 | D:5      | Reached skill level 5 in Dodging
  3568 | D:5      | Reached skill level 5 in Polearms
  3734 | D:5      | Reached skill level 5 in Fighting
  3855 | D:5      | Reached skill level 6 in Polearms
  3855 | D:5      | Reached XP level 8. HP: 69/69 MP: 7/7
  3919 | D:5      | Found a glowing drain.
  3932 | Sewer    | Entered a sewer
  4385 | D:5      | Found a runed translucent door.
  4432 | D:5      | Found a basalt altar of Yredelemnul.
  4584 | D:5      | Became a worshipper of Yredelemnul the Dark
  4619 | D:6      | Reached skill level 5 in Throwing
  4620 | D:6      | Reached skill level 7 in Polearms
  4620 | D:6      | Reached * piety under Yredelemnul
  4752 | D:6      | Reached ** piety under Yredelemnul
  4815 | D:6      | Reached *** piety under Yredelemnul
  5257 | D:7      | Reached skill level 8 in Polearms
  5381 | D:7      | Noticed Joseph
  5393 | D:7      | Killed Joseph
  5394 | D:7      | Reached XP level 9. HP: 64/79 MP: 8/8
  5573 | D:7      | Noticed Menkaure
  5580 | D:7      | Killed Menkaure
  5581 | D:7      | Reached skill level 9 in Polearms
  5629 | D:7      | Noticed holysushi's ghost (novice OpMo)
  5629 | D:7      | Noticed a two-headed ogre
  5635 | D:7      | Noticed an unseen horror
  5805 | D:7      | Reached **** piety under Yredelemnul
  5903 | D:7      | Found a runed translucent gate.
  5904 | D:7      | Found a runed translucent gate.
  5905 | D:7      | Found a runed translucent gate.
  6302 | D:7      | Killed an unseen horror
  6314 | D:7      | Reached skill level 10 in Polearms
  6320 | D:7      | Killed a two-headed ogre
  6321 | D:7      | Reached XP level 10. HP: 32/88 MP: 4/9
  6330 | D:7      | Killed holysushi's ghost
  6534 | D:8      | Found a glowing silver altar of Zin.
  6899 | D:8      | Found a snail-covered altar of Cheibriados.
  7127 | D:8      | Reached skill level 11 in Polearms
  7228 | D:8      | Found an ancient bone altar of Kikubaaqudgha.
  7228 | D:8      | Found a blossoming altar of Fedhas.
  7811 | D:9      | Noticed Pikel
  7813 | D:9      | Noticed Prince Ribbit
  7817 | D:9      | Killed Pikel
  7825 | D:9      | Killed Prince Ribbit
  8020 | D:9      | Found an opulent altar of Gozag.
  8034 | D:9      | Noticed Maurice
  8040 | D:9      | Killed Maurice
  8283 | D:9      | Reached skill level 12 in Polearms
  8570 | D:9      | Found a staircase to the Lair.
  8746 | D:9      | Your ally Pikel died
  8928 | Lair:1   | Entered Level 1 of the Lair of Beasts
  9020 | Lair:1   | Reached XP level 11. HP: 62/97 MP: 10/10
  9305 | Lair:1   | Reached skill level 10 in Dodging
  9426 | Lair:1   | Reached skill level 10 in Fighting
  9732 | Lair:1   | Reached ***** piety under Yredelemnul
 10202 | Lair:2   | Reached skill level 13 in Polearms
 10539 | Lair:2   | Reached XP level 12. HP: 88/108 MP: 11/11
 11335 | Lair:3   | Noticed Snorg
 11342 | Lair:3   | Killed Snorg
 11527 | Lair:3   | Noticed Urug
 11533 | Lair:3   | Killed Urug
 11642 | Lair:3   | Found a staircase to the Shoals.
 11814 | Lair:3   | Found a staircase to the Snake Pit.
 12304 | Lair:4   | Noticed Josephine
 12315 | Lair:4   | Reached skill level 10 in Throwing
 12322 | Lair:4   | Killed Josephine
 12324 | Lair:4   | Reached skill level 14 in Polearms
 12433 | Lair:4   | Noticed a four-headed hydra
 12442 | Lair:4   | Killed a four-headed hydra
 12605 | Lair:4   | Noticed a four-headed hydra
 12608 | Lair:4   | Killed a six-headed hydra
 12674 | Lair:4   | Noticed a death yak
 12685 | Lair:4   | Killed a death yak
 12686 | Lair:4   | Reached ****** piety under Yredelemnul
 12686 | Lair:4   | Reached XP level 13. HP: 98/118 MP: 12/12
 13152 | Lair:4   | Found a viscous altar of Jiyva.
 13692 | Lair:4   | Reached skill level 1 in Evocations
 13693 | Lair:4   | Found a staircase to the Slime Pits.
 14084 | Lair:4   | Fell from the grace of Yredelemnul
 14084 | Lair:4   | Became a worshipper of Jiyva Jucu the Shapeless
 16929 | Slime:1  | Entered Level 1 of the Pits of Slime
 16929 | Slime:1  | Noticed an azure jelly
 16947 | Slime:1  | Noticed a quicksilver ooze
 16994 | Slime:1  | Noticed a quicksilver ooze
 17005 | Slime:1  | Noticed an acid blob
 17095 | Slime:1  | Noticed a quicksilver ooze
 17120 | Slime:1  | Noticed an acid blob
 17243 | Slime:2  | Noticed a rockslime
 17251 | Slime:2  | Noticed a quicksilver ooze
 17302 | Slime:2  | Noticed an acid blob
 17332 | Slime:2  | Noticed a quicksilver ooze
 17346 | Slime:2  | Noticed a quicksilver ooze
 17359 | Slime:2  | Noticed a quicksilver ooze
 17367 | Slime:2  | Noticed an azure jelly
 17535 | Slime:3  | Noticed an acid blob
 17625 | Slime:3  | Found a one-way gate to the infinite horrors of the Abyss.
 17626 | Slime:3  | Found a corrupted altar of Lugonu.
 17898 | Slime:4  | Noticed an acid blob
 17905 | Slime:4  | Noticed an azure jelly
 17913 | Slime:4  | Noticed an acid blob
 18077 | Slime:4  | Noticed a quicksilver ooze
 18078 | Slime:4  | Noticed an acid blob
 18093 | Slime:4  | Noticed an azure jelly
 18248 | Slime:5  | Entered Level 5 of the Pits of Slime
 18257 | Slime:5  | Noticed an acid blob
 18268 | Slime:5  | Noticed a rockslime
 18287 | Slime:5  | Noticed the Royal Jelly
 18288 | Slime:5  | Noticed an acid blob
 18293 | Slime:5  | Noticed an acid blob
 18303 | Slime:5  | Noticed an acid blob
 18314 | Slime:5  | Found a viscous altar of Jiyva.
 18324 | Slime:5  | Noticed an acid blob
 18325 | Slime:5  | Noticed an acid blob
 18333 | Slime:5  | Noticed an azure jelly
 18370 | Slime:5  | Noticed a rockslime
 18376 | Slime:5  | Noticed an acid blob
 18394 | Slime:5  | Noticed an acid blob
 18467 | Slime:5  | Noticed an acid blob
 18627 | Slime:5  | Noticed an acid blob
 18858 | Slime:3  | Noticed a quicksilver ooze
 19022 | Slime:1  | You fall into a shaft and drop 1 floor!
 19101 | Lair:5   | Entered Level 5 of the Lair of Beasts
 19522 | Lair:4   | Noticed an eidolon
 19522 | Lair:4   | Noticed a vampire knight
 20184 | Lair:5   | Reached skill level 5 in Evocations
 20272 | Lair:5   | Noticed an eidolon
 20276 | Lair:5   | Slain by an eidolon

Illustrated notes

Levels and vault maps discovered:
D:1:      dpeg_arrival_water_fire, layout_basic
D:2:      layout_basic, hex_large, reono_crystal_passage, st_stairs_2,
          minmay_tromino_v7, uniq_natasha
D:3:      layout_basic
D:4:      layout_rooms, minmay_temple_entry_hall, serial_bayou,
          serial_bayou_ford_a, serial_bayou_lake_a, serial_bayou_pond_a,
          serial_bayou_shore_b
D:5:      layout_cave_pools, dk_yredelemnul_ordeal, gup_sewer_entry_pipe,
          goddamned_bats
D:6:      layout_cave_pools, minmay_misc_feat_chi
D:7:      minmay_spotlight, layout_cave_pods, gammafunk_ghost_split,
          uniq_joseph, uniq_menkaure
D:8:      layout_basic, gammafunk_temple_overflow_forgotten, kennysheep_mini,
          serial_co_window_serial, co_window_of_opportunity_a,
          co_window_paths_b, co_window_corner_a, co_window_corner_a,
          co_window_paths_a, co_window_paths_c, co_window_cross_2,
          co_window_of_opportunity_b, co_window_2corner, co_window_2corner,
          co_window_2corner, co_window_sun, co_window_paths_d, glass_columns_c,
          glass_columns_b, glass_columns_b, glass_columns_b, glass_columns_a,
          dk_noncrumbling_3, dk_rats_in_the_wall
D:9:      layout_basic, mainiacjoe_overflow_alcove_4, david_lair_shrubbed,
          serial_glass, glass_columns_a, glass_columns_a, glass_columns_a,
          glass_columns_a, glass_columns_c, glass_columns_b, glass_columns_b,
          glass_columns_a, uniq_prince_ribbit1, uniq_maurice, uniq_pikel
Lair:1:   layout_cave_pods
Lair:2:   layout_chaotic_city
Lair:3:   layout_regular_city, nicolae_shoals_entry_roost,
          nicolae_snake_entry_squirm, uniq_snorg, uniq_urug
Lair:4:   nzn_winding_woodlands_small [nzn_winding_woodlands_5x15_lazy_stream,
          nzn_winding_woodlands_center_lodge, nzn_winding_woodlands_5x15_twine],
          layout_gridlike, minmay_slime_entry_oklob_enclosed,
          grunt_megastairs_3, uniq_josephine
Lair:5:   gammafunk_lair_ancient_temple, layout_small_grid, serial_bayou,
          serial_bayou_pond_d, serial_bayou_shore_a, serial_bayou_pond_a,
          serial_bayou_pond_b, lookout_lair_type,
          nicolae_lair_run_with_the_wolves, infiniplex_staircase_pool
Slime:1:  layout_caves, nicolae_slime_ancient_tower_intersection
Slime:2:  layout_caves, nicolae_slime_getting_an_eyeful
Slime:3:  nicolae_slime_infinislime, layout_caves,
          amcnicky_altar_lugonu_corruption
Slime:4:  layout_caves, nicolae_slime_phagocytosis
Slime:5

Skill      XL: |  1  2  3  4  5  6  7  8  9 10 11 12 13 |
---------------+----------------------------------------+-----
Axes           | 4 |  4.3
Fighting       | 3 4 5 7 8 9 10 12 | 12.2
Polearms       | 1 3 4 6 8 10 12 13 14 | 14.2
Dodging        | 4 5 6 7 9 11 13 | 13.7
Throwing       | 3 4 5 6 7 9 10 | 10.4
Evocations     | 6 |  6.1

Action                     |  1- 3 |  4- 6 |  7- 9 | 10-12 | 13-15 || total
---------------------------+-------+-------+-------+-------+-------++-------
  Melee: War axe           |    33 |     2 |       |       |       ||    35
         Headbutt          |     1 |    12 |    19 |    42 |    19 ||    93
         Punch             |     1 |       |       |       |       ||     1
         Glaive            |       |   102 |   183 |   263 |    87 ||   635
  Throw: Throwing net      |       |       |     2 |     6 |       ||     8
         Javelin           |       |       |     1 |     3 |       ||     4
 Invoke: Dark Bargain      |       |       |     1 |       |       ||     1
  Evoke: Wand              |       |       |     2 |    18 |     5 ||    25
         Condenser vane    |       |       |       |       |     1 ||     1
    Use: Scroll            |     1 |    11 |     8 |     7 |     5 ||    32
         Potion            |       |     6 |     2 |     2 |     3 ||    13
   Stab: Sleeping          |     6 |    13 |     9 |     3 |       ||    31
         Distracted        |       |     5 |     2 |     5 |       ||    12
 Armour: Leather armour    |     6 |    11 |    13 |    15 |       ||    45
         Chain mail        |       |       |       |    13 |    11 ||    24
  Dodge: Dodged            |    17 |    44 |   127 |   143 |    47 ||   378
  Block: Other             |       |       |       |    22 |    24 ||    46
         Reflection        |       |       |       |       |     1 ||     1

Table legend: (Time is in decaauts)
 A = Elapsed time spent in this place.
 B = Non-inter-level travel time spent in this place.
 C = Inter-level travel time spent in this place.
 D = Time resting spent in this place.
 E = Time spent auto-exploring this place.
 F = Levels seen in this place.
 G = Mean time per level.
                   A        B        C        D        E       F      G
               +--------+--------+--------+--------+--------+-----+--------+
         Total |  20596 |  19524 |   1072 |   4719 |  12029 |  20 | 1029.8 |
       Dungeon |   8766 |   8487 |    279 |    768 |   6441 |   9 |  974.0 |
          Lair |   9071 |   8519 |    552 |   3762 |   3786 |   5 | 1814.2 |
    Slime Pits |   2333 |   2092 |    241 |    189 |   1534 |   5 |  466.6 |
         Sewer |    425 |    425 |      0 |      0 |    266 |   1 |  425.0 |
               +--------+--------+--------+--------+--------+-----+--------+

Top non-repeatable levels by time:
  Lair:4: 5406 daAuts
     D:7: 1347 daAuts
     D:9: 1245 daAuts
  Lair:1: 1216 daAuts
     D:8: 1159 daAuts
     D:5: 1094 daAuts
  Lair:3: 1060 daAuts
  Lair:2: 933 daAuts
     D:3: 917 daAuts
     D:1: 884 daAuts
     D:4: 813 daAuts
     D:2: 709 daAuts
 Slime:5: 595 daAuts
     D:6: 594 daAuts
 Slime:1: 562 daAuts
